 Dungeon Crawl Stone Soup version 0.32-a0-22-g6ae6769602 (webtiles) character file.

Game seed: 4114951962272396399

359 fozzywoppz the Covert (level 6, -6/35 HPs)
             Began as a Kobold Brigand on Jan 18, 2024.
             Splashed by a jelly's acid (10 damage)
             ... on level 4 of the Dungeon.
             The game lasted 00:05:23 (3138 turns).

fozzywoppz the Covert (Kobold Brigand)              Turns: 3138, Time: 00:05:24

Health: -6/35      AC:  4    Str:  6 (9)  XL:     6   Next: 97%
Magic:  6/6        EV: 12    Int: 10 (12) God:
Gold:   201        SH:  0    Dex: 17 (18) Spells: 5/5 levels left

rFire   . . .        a - +3 dagger
rCold   . . .        (no shield)
rNeg    . . .        k - +0 ring mail
rPois   .            i - +1 helmet
rElec   .            c - +0 cloak
rCorr   .            (no gloves)
SInv    .            (no boots)
Will    .....        (no amulet)
Stlth   ++++         (no ring)
HPRegen 0.25/turn    (no ring)
MPRegen 0.10/turn

%: no passive effects
@: corroded, attractive
A: small, no large weapons, nightstalker 3
a: no special abilities


You were on level 4 of the Dungeon.
You visited 1 branch of the dungeon, and saw 4 of its levels.

You collected 201 gold pieces.

Inventory:

Hand Weapons
 a - a +3 dagger (weapon)
Missiles
 d - 14 poisoned darts (quivered)
 e - 3 curare-tipped darts
Armour
 c - a +0 cloak (worn)
 i - a +1 helmet (worn)
 k - a +0 ring mail (worn)
Jewellery
 b - a ring of ice
Wands
 s - a wand of flame (24)
Scrolls
 h - 4 scrolls of identify
 l - a scroll of enchant armour {unknown}
 n - a scroll of revelation {unknown}
 q - a scroll of fear
 r - a scroll of torment {unknown}
Potions
 g - a potion of enlightenment
 j - 3 potions of attraction
 m - a potion of curing {unknown}
 o - a potion of might {unknown}
 p - a potion of ambrosia {unknown}
 t - a potion of resistance {unknown}
 u - a potion of mutation {unknown}


   Skills:
 - Level 2.1 Fighting
 + Level 5.2 Short Blades
 - Level 2.1 Throwing
 + Level 1.8 Armour
 + Level 2.4 Dodging
 + Level 8.4 Stealth


You had 5 spell levels left.
You didn't know any spells.
Your spell library contained the following spells:

 Spells                   Type           Power      Damage    Failure   Level
 Sublimation of Blood     Necr           0%         N/A       91%         2
 Petrify                  Alch/Erth      0%         N/A       100%        4
 Irradiate                Conj/Alch      0%         3d11      100%        5


Dungeon Overview and Level Annotations

Branches:
Dungeon (4/15)
 Temple: D:4-7

Altars:
Wu Jian


Innate Abilities, Weirdness & Mutations

You are small and have problems with some larger weapons.
You are completely attuned to the shadows.


Message History

You hit the jelly.
Your hands burn!
The jelly is moderately wounded.
The jelly closely misses you.
You hit the jelly.
Your hands burn!
The jelly is moderately wounded.
The jelly hits you.
You are splashed with acid!
You hit the jelly. The acid corrodes you!
Your hands burn!
The jelly is moderately wounded.
The jelly barely misses you.
You hit the jelly.
Your hands burn!
The jelly is heavily wounded.
You hit the jelly but do no damage.
Your hands burn!
The jelly is heavily wounded.
The jelly misses you. The jelly attacks as it pursues you!
The jelly hits you but does no damage. The jelly attacks as it pursues you!
The jelly closely misses you. The jelly attacks as it pursues you!
The jelly hits you but does no damage.
There is an open door here.
Throw: 15 darts (poison)
Press: ? - help, Q - select action, (/) - cycle Shift-Dir - straight line, f - jelly
Aim: a jelly (moderately wounded, 90% to hit)
You throw a poisoned dart. The poisoned dart hits the jelly.
The jelly is moderately wounded.
The jelly hits you. The acid corrodes you!
You are splashed with acid!
* * * LOW HITPOINT WARNING * * *
You see here a +0 ring mail.
The jelly attacks as it pursues you! The jelly closely misses you.
You hit the jelly.
Your hands burn!
* * * LOW HITPOINT WARNING * * *
The jelly is heavily wounded.
It was a potion of attraction.
You feel attractive to monsters. The jelly barely misses you.
It was a potion of degeneration.
There was something very wrong with that liquid.
You feel weakened.
You feel dopey.
You feel clumsy. The jelly hits you.
* * * LOW HITPOINT WARNING * * *
You are splashed with acid!
You die...

...#........####.###
.....#####..# #.#
##.#####..# #.#
#.##.##.....####.#
.................###
#..#..(##'####......
##....##.8.##...####
##...J##...##..#.#
#...@##...##.....#
#...##...##..#.#.#
#..++.8.++...#.#.#
##..##...##..#...###
##..##...##........
##..##...##.......
##..##.8.##......
###..##+####.....
..##.........###.


You could see a jelly.

Vanquished Creatures
  A phantom (D:2)
  An iguana (D:3)
  An orc wizard (D:3)
  Natasha (thrice) (D:2)
  7 adders
  2 ribbon worms (D:2)
  A dart slug (D:1)
  9 orcs (D:3)
  6 ball pythons
  9 endoplasms
  7 giant cockroaches
  4 goblins
  3 hobgoblins
  3 jackals (D:1)
  8 quokkas
  2 bats (D:2)
  3 frilled lizards
  8 kobolds
  5 rats
83 creatures vanquished.

Notes
Turn   | Place    | Note
-------+----------+-------------------------------------------
     0 | D:1      | fozzywoppz the Kobold Brigand began the quest for the Orb.
     0 | D:1      | Reached XP level 1. HP: 12/12 MP: 1/1
    67 | D:1      | Reached XP level 2. HP: 17/17 MP: 2/2
    99 | D:1      | Reached skill level 6 in Stealth
   426 | D:1      | Reached XP level 3. HP: 21/21 MP: 3/3
  1306 | D:2      | Reached XP level 4. HP: 26/26 MP: 4/4
  1309 | D:2      | Reached skill level 7 in Stealth
  1331 | D:2      | Noticed Natasha
  1341 | D:2      | Killed Natasha
  1404 | D:2      | Noticed Natasha
  1419 | D:2      | Killed Natasha
  1420 | D:2      | Reached XP level 5. HP: 18/30 MP: 5/5
  1511 | D:2      | Noticed Natasha
  1536 | D:2      | Killed Natasha
  1537 | D:2      | Reached skill level 1 in Armour
  1766 | D:2      | Noticed a phantom
  2160 | D:2      | Killed a phantom
  2161 | D:2      | Reached XP level 6. HP: 24/35 MP: 6/6
  2229 | D:2      | Reached skill level 8 in Stealth
  2423 | D:3      | Reached skill level 5 in Short Blades
  2805 | D:3      | Found an ornate altar of the Wu Jian Council.
  3138 | D:4      | Splashed by a jelly's acid

Illustrated notes

Levels and vault maps discovered:
D:1:      orjb1_lava_funnel, layout_basic
D:2:      layout_loops_cross, minmay_pentomino_pile, uniq_natasha
D:3:      layout_basic, nicolae_wu_jian_immortal_techniques,
          serial_bayou_crossing
D:4:      layout_basic, grunt_temple_overflow_champion_of_chaos,
          kiku_gazebo_pond_becter, evilmike_ruin_ashenzari,
          grunt_decor_arrowhead, glass_columns_c, hangedman_decor_opposing,
          kennysheep_generic_room_9, uniq_robin

Skill      XL: |  1  2  3  4  5  6 |
---------------+-------------------+-----
Stealth        | 6 7 8 |  8.4
Short Blades   | 3 4 5 |  5.2
Armour         | 1 |  1.8
Dodging        | 2 |  2.4
Fighting       | |  2.1
Throwing       | |  2.1

Action                     |  1- 3 |  4- 6 || total
---------------------------+-------+-------++-------
  Melee: Dagger            |    70 |   187 ||   257
         Punch             |       |     1 ||     1
  Throw: Dart              |       |     1 ||     1
    Use: Scroll            |       |     4 ||     4
         Potion            |       |     2 ||     2
   Stab: Sleeping          |    16 |    20 ||    36
 Armour: Robe              |     1 |       ||     1
         Ring mail         |    24 |    86 ||   110
  Dodge: Dodged            |    40 |    99 ||   139

Table legend: (Time is in decaauts)
 A = Elapsed time spent in this place.
 B = Non-inter-level travel time spent in this place.
 C = Inter-level travel time spent in this place.
 D = Time resting spent in this place.
 E = Time spent auto-exploring this place.
 F = Levels seen in this place.
 G = Mean time per level.
                   A        B        C        D        E       F      G
               +--------+--------+--------+--------+--------+-----+--------+
         Total |   3097 |   3014 |     83 |     89 |   2183 |   4 |  774.2 |
       Dungeon |   3097 |   3014 |     83 |     89 |   2183 |   4 |  774.2 |
               +--------+--------+--------+--------+--------+-----+--------+

Top non-repeatable levels by time:
     D:1: 1257 daAuts
     D:2: 959 daAuts
     D:3: 751 daAuts
     D:4: 128 daAuts
